 Dungeon Crawl Stone Soup version 0.30-a0-331-g8ab09dc110 (webtiles) character file.

Game seed: 5974522727218836761

243 p00ps00p the Trooper (level 5, -2/47 HPs)
             Began as a Demonspawn Fighter on Oct 30, 2022.
             Killed by divine providence
             ... invoked by an orc priest
              (13 damage)
             ... on level 4 of the Dungeon.
             The game lasted 00:07:33 (3093 turns).

p00ps00p the Trooper (Demonspawn Fighter)           Turns: 3093, Time: 00:07:33

Health: -2/47      AC:  8    Str: 16    XL:     5   Next: 82%
Magic:  5/5        EV: 10    Int:  9    God:
Gold:   174        SH:  5    Dex: 15    Spells: 4/4 levels left

rFire   . . .      SeeInvis .    a - +0 war axe
rCold   + . .      Faith    .    c - +0 buckler
rNeg    . . .      Spirit   .    y - +2 leather armour {rC+}
rPois   .          Reflect  .    s - +0 helmet
rElec   .          Harm     .    (no cloak)
rCorr   .          Rampage  .    (no gloves)
Will    .....                    (no boots)
Stlth   +.........               (no amulet)
HPRegen 0.27/turn                (no ring)
MPRegen 0.09/turn                (no ring)

@: about to teleport
A: icy blue scales 1, foul stench 1, demonic touch 1
a: no special abilities


You were on level 4 of the Dungeon.
You visited 1 branch of the dungeon, and saw 4 of its levels.

You collected 174 gold pieces.

Inventory:

Hand Weapons
 a - a +0 war axe (weapon)
 x - a +2 dagger of flaming
Missiles
 i - 7 poisoned darts (quivered)
Armour
 b - a +0 scale mail
 c - a +0 buckler (worn)
 s - a +0 helmet (worn)
 y - a +2 leather armour of cold resistance (worn)
Jewellery
 g - a ring of flight
Wands
 q - a wand of quicksilver (3)
Scrolls
 h - a scroll of noise
 l - a scroll of silence {unknown}
 m - a scroll of enchant armour {unknown}
 n - a scroll of fear {unknown}
 o - 2 scrolls of identify
 t - a scroll of enchant weapon {unknown}
 v - a scroll of amnesia {unknown}
 w - 2 scrolls of vulnerability {unknown}
Potions
 d - 3 potions of might
 e - a potion of flight
 k - a potion of lignification {unknown}
 p - a potion of curing {unknown}
 r - a potion of haste {unknown}
 u - a potion of heal wounds {unknown}


   Skills:
 + Level 6.6 Fighting
 - Level 1.7 Axes
 - Level 2.6 Armour
 - Level 2.6 Shields


You had 4 spell levels left.
You didn't know any spells.
Your spell library contained the following spells:

 Spells                   Type           Power      Damage    Failure   Level
 Kiss of Death            Conj/Necr      0%         2d5       54%         1
 Confusing Touch          Hex            0%         N/A       89%         3
 Gell's Gravitas          Tloc           0%         N/A       89%         3
 Teleport Other           Tloc           0%         N/A       89%         3
 Dispel Undead            Necr           0%         3d6       100%        4
 Dispersal                Tloc           0%         N/A       100%        6


Dungeon Overview and Level Annotations

Branches:
Dungeon (4/15)
 Temple: D:4-7

Altars:


Innate Abilities, Weirdness & Mutations

You are partially covered in icy blue scales. (AC +2)
You may rarely emit foul miasma when damaged in melee.
Your touch may inflict minor irresistible damage on your foes.


Message History

Read: scroll of poison
Press: ? - help, Q - select action, (/) - cycle Dir - look around, f - activate The air fills with toxic fumes!
As you read the scroll of poison, it crumbles to dust.
The orc wizard hits you with a +1 dagger of speed.
* * * LOW HITPOINT WARNING * * *
You block the orc priest's attack. Something hits you but does no damage.
You hit something. You hit the orc priest. You hit the orc wizard.
The orc wizard casts a spell.
The orc wizard flickers and vanishes!
The orc priest hits you but does no damage.
You hear some strange, mumbled words.
Something tries to affect you, but you resist.
Something hits you.
* * * LOW HITPOINT WARNING * * *
You miss something.
You hit the orc priest but do no damage.
You closely miss something.
The orc priest hits you but does no damage.
Something hits you but does no damage.
You hear some strange, mumbled words.
A puff of flame appears from out of thin air!
You block the puff of flame. Something hits you but does no damage.
The orc priest casts a cantrip, but nothing happens.
You miss something.
You hit the orc priest but do no damage.
You closely miss something.
Your surroundings suddenly seem different.
A ball python, 4 orcs and an endoplasm come into view.
The orc priest shouts!
The orc wizard shouts!
The orc shouts!
The endoplasm quivers.
As you read the scroll of teleportation, it crumbles to dust.
You feel strangely unstable.
A hobgoblin comes into view.
The orc wizard points at you and mumbles some strange words.
The puff of flame misses you.
The ball python hisses angrily.
The hobgoblin shouts!
The orc priest calls down the wrath of Beogh upon you.
Beogh smites you!
You die...

### ... #.# ###
#.# ...
#J#####.#. ..#
#.@....... ..#
#.#####.#. ..#
.......o.......
..#
####....#####.#
..# #o.o.# ..#
.So.... ..#
.......# ..+
...g..... ..#
####.#.##


You could see an orc priest, an orc wizard, 2 orcs, an endoplasm, a hobgoblin
and a ball python.

Vanquished Creatures
  A hound (D:4)
  An orc priest (D:3)
  An orc wizard (D:3)
  Natasha (D:4)
  4 adders
  4 dart slugs
  14 orcs
  4 bats
  6 endoplasms
  A giant cockroach (D:4)
  7 goblins
  10 hobgoblins
  2 jackals (D:3)
  7 kobolds
  A quokka (D:1)
  3 ball pythons
  2 frilled lizards (D:2)
  3 rats (D:1)
72 creatures vanquished.

Notes
Turn   | Place    | Note
-------+----------+-------------------------------------------
     0 | D:1      | p00ps00p the Demonspawn Fighter began the quest for the
                  | Orb.
     0 | D:1      | Reached XP level 1. HP: 18/18 MP: 1/1
   206 | D:1      | Gained mutation: You are partially covered in icy blue
                  | scales. (AC +2) [demonic ancestry]
   206 | D:1      | Reached XP level 2. HP: 6/24 MP: 2/2
   211 | D:1      | HP: 1/24 [poisoned by a goblin]
   647 | D:1      | Found a faded altar of an unknown god.
   881 | D:1      | Reached skill level 4 in Fighting
  1225 | D:2      | Reached XP level 3. HP: 30/30 MP: 3/3
  2130 | D:3      | Reached skill level 5 in Fighting
  2130 | D:3      | Gained mutation: You may rarely emit foul miasma when
                  | damaged in melee. [demonic ancestry]
  2130 | D:3      | Reached XP level 4. HP: 39/39 MP: 4/4
  2526 | D:3      | Gained mutation: Your touch may inflict minor irresistible
                  | damage on your foes. [demonic ancestry]
  2526 | D:3      | Reached XP level 5. HP: 46/46 MP: 5/5
  2532 | D:3      | Reached skill level 6 in Fighting
  2844 | D:4      | Noticed Natasha
  2859 | D:4      | Killed Natasha
  3093 | D:4      | Killed from afar by an orc priest

Illustrated notes

Levels and vault maps discovered:
D:1:      nagdon_arrival_double_spiral, layout_basic,
          shapermc_ecumenical_altar_mp_highgroup, minmay_misc_feat_enclosed
D:2:      layout_loops_corners
D:3:      minmay_bubble_buster, layout_rooms, serial_park_tiny_1
D:4:      layout_basic, elyvilon_altar_1, st_stairs_5, amethyst_killhole,
          uniq_natasha

Skill      XL: |  1  2  3  4  5 |
---------------+----------------+-----
Fighting       | 4 5 6 |  6.6
Axes           | |  1.7
Armour         | |  2.6
Shields        | |  2.6

Action                   |  1- 3 |  4- 6 || total
-------------------------+-------+-------++-------
Melee: War axe           |   104 |    87 ||   191
  Use: Scroll            |       |     7 ||     7
Armor: Scale mail        |    76 |    27 ||   103
       Leather armour    |       |    34 ||    34
Dodge: Dodged            |    58 |    50 ||   108
Block: Buckler           |    23 |    24 ||    47

Table legend: (Time is in decaauts)
 A = Elapsed time spent in this place.
 B = Non-inter-level travel time spent in this place.
 C = Inter-level travel time spent in this place.
 D = Time resting spent in this place.
 E = Time spent auto-exploring this place.
 F = Levels seen in this place.
 G = Mean time per level.
                   A        B        C        D        E       F      G
               +--------+--------+--------+--------+--------+-----+--------+
         Total |   3210 |   2959 |    251 |    460 |   1826 |   4 |  802.5 |
       Dungeon |   3210 |   2959 |    251 |    460 |   1826 |   4 |  802.5 |
               +--------+--------+--------+--------+--------+-----+--------+

Top non-repeatable levels by time:
     D:2: 1152 daAuts
     D:1: 1079 daAuts
     D:3: 679 daAuts
     D:4: 299 daAuts
